 Dungeon Crawl Stone Soup version 0.23.3 (webtiles) character file.

Game seed: 1085583736304417661

504 Fukker the Poker (level 6, -2/48 HPs)
             Began as a Centaur Gladiator on Apr 2, 2020.
             Killed from afar by an orc wizard (9 damage)
             ... with a puff of frost
             ... on level 4 of the Dungeon.
             The game lasted 00:09:20 (2939 turns).

Fukker the Poker (Centaur Gladiator)                Turns: 2939, Time: 00:09:20

Health: -2/48      AC:  7    Str: 17    XL:     6   Next: 96%
Magic:  6/6        EV: 10    Int:  7    God:
Gold:   69         SH:  0    Dex: 12    Spells: 5/5 levels left

rFire    . . .     SeeInvis .   a - +0 trident
rCold    . . .     Gourm    .   (no shield)
rNeg     . . .     Faith    .   b - +0 leather armour
rPois    .         Spirit   .   c - +0 helmet
rElec    .         Reflect  .   (no cloak)
rCorr    .         Harm     .   w - +1 pair of gloves
MR       .....                  (no barding)
Stlth    +.........             (no amulet)
HPRegen  0.16/turn              (no ring)
MPRegen  0.10/turn              (no ring)

@: very quick
A: large, hooves 3, deformed body, speed 2, tough skin 3
a: no special abilities


You were on level 4 of the Dungeon.
You were not hungry.

You visited 1 branch of the dungeon, and saw 4 of its levels.

You collected 69 gold pieces.

Inventory:

Hand Weapons
 a - a +0 trident (weapon)
 k - a +0 halberd
 v - a +0 blowgun
 y - a +0 hand crossbow
Missiles
 d - 5 throwing nets
 h - 129 stones
 i - 24 poisoned needles
 l - 55 arrows
 p - 22 sling bullets
 s - 4 tomahawks
 A - 16 bolts
 C - 5 javelins (quivered)
Armour
 b - a +0 leather armour (worn)
 c - a +0 helmet (worn)
 w - a +1 pair of gloves (worn)
Scrolls
 j - 3 scrolls of enchant armour {unknown}
 m - 3 scrolls of identify {unknown}
 n - 3 scrolls of blinking {unknown}
 o - 3 scrolls of teleportation {unknown}
 q - a scroll of enchant weapon {unknown}
 r - 2 scrolls of amnesia {unknown}
 t - 5 scrolls of remove curse {unknown}
 D - a scroll of immolation {unknown}
 E - 2 scrolls of magic mapping {unknown}
Potions
 e - 2 potions of degeneration
 g - a potion of invisibility
 u - a potion of lignification {unknown}
 x - a potion of heal wounds
 z - a potion of mutation {unknown}
Comestibles
 f - 6 rations
 B - 5 chunks of flesh


   Skills:
 - Level 2.0 Fighting
 + Level 5.6 Polearms
 * Level 2.8 Crossbows
 + Level 3.6 Throwing
 - Level 2.0 Armour
 - Level 2.1 Dodging


You had 5 spell levels left.
You didn't know any spells.
Your spell library was empty.

Dungeon Overview and Level Annotations

Branches:
Dungeon (4/15)
 Temple: D:4-7

Altars:
Elyvilon


Innate Abilities, Weirdness & Mutations

You have hooves in place of feet.
Armour fits poorly on your strangely shaped body.
You cover ground very quickly.
You have extremely tough skin. (AC +3)


Message History

You hit something. Your kick misses something.
Something hits you but does no damage. The orc hits you but does no damage.
Something hits you but does no damage.
You miss something. Your kick misses something.
Something hits you but does no damage. The orc closely misses you.
Something hits you.
* * * LOW HITPOINT WARNING * * *
You miss something. Your kick misses something.
The orc hits you with a +0 whip.
* * * LOW HITPOINT WARNING * * *
Something hits you but does no damage.
You hear some strange, mumbled words.
A puff of frost appears from out of thin air!
The puff of frost hits you.
* * * LOW HITPOINT WARNING * * *
A magic dart appears from out of thin air!
The magic dart hits you but does no damage.
A puff of frost appears from out of thin air!
The puff of frost hits you!
You die...

##.................
#.............)....
#..................
#####'#.....##'###.
#.....#.....#....#
#.....#.....'....# (...
#.....#.....#....# #...
##.##.#.....####.#
#...####@##+####.....#.#
+.(.#.....'....#.....#..
#...#..o..#....#.....#... ...
#...#.....#....#.....# .
......#..(#.....#....#.....#
......#...((....#....#.....#
.....#...#.....#....#.....#
.....################.....###
#........................>#


You could see an orc.

Vanquished Creatures
  An ogre (D:4)
  A bullfrog (D:3)
  2 orc priests (D:3)
  2 orc wizards
  12 gnolls
  4 adders
  3 oozes
  8 orcs (D:3)
  5 giant cockroaches
  8 goblins
  8 hobgoblins
  A ball python (D:2)
  8 bats
  9 kobolds
  7 rats
79 creatures vanquished.

Vanquished Creatures (others)
  A quokka (D:3)
1 creature vanquished.

Grand Total: 80 creatures vanquished

Notes
Turn   | Place    | Note
-------+----------+-------------------------------------------
     0 | D:1      | Fukker the Centaur Gladiator began the quest for the Orb.
     0 | D:1      | Reached XP level 1. HP: 17/17 MP: 1/1
   136 | D:1      | Reached skill level 3 in Polearms
   136 | D:1      | Reached XP level 2. HP: 18/24 MP: 2/2
   341 | D:1      | Reached XP level 3. HP: 22/29 MP: 3/3
   987 | D:2      | Reached skill level 4 in Polearms
  1010 | D:2      | Reached XP level 4. HP: 30/36 MP: 4/4
  1331 | D:2      | Reached skill level 1 in Armour
  1701 | D:3      | Found a white marble altar of Elyvilon.
  1836 | D:3      | Noticed a bullfrog
  1841 | D:3      | Killed a bullfrog
  1841 | D:3      | Reached skill level 1 in Crossbows
  1841 | D:3      | Reached XP level 5. HP: 37/41 MP: 5/5
  2259 | D:3      | Reached skill level 5 in Polearms
  2424 | D:3      | Reached XP level 6. HP: 40/48 MP: 6/6
  2939 | D:4      | Killed from afar by an orc wizard

Skill      XL: |  1  2  3  4  5  6 |
---------------+-------------------+-----
Polearms       | 3 4 5 |  5.6
Armour         | 1 2 |  2.0
Crossbows      | 1 2 |  2.8
Throwing       | 3 |  3.6
Fighting       | |  2.0
Dodging        | |  2.1

Action                   |  1- 3 |  4- 6 || total
-------------------------+-------+-------++-------
Melee: Trident           |    24 |    65 ||    89
       Kick              |    12 |    14 ||    26
       Halberd           |    81 |    79 ||   160
 Fire: Blowgun           |       |    26 ||    26
       Hand crossbow     |       |    16 ||    16
Throw: Tomahawk          |       |     2 ||     2
       Javelin           |       |     3 ||     3
  Use: Potion            |       |     3 ||     3
 Stab: Invisible         |       |     1 ||     1
  Eat: Chunk             |       |     5 ||     5
Armor: Leather armour    |    36 |    60 ||    96
Dodge: Dodged            |    38 |    84 ||   122
